 Dungeon Crawl Stone Soup version 0.31.0-11-ge490571c62 (webtiles) character file.

Game seed: 18236921895449578535

75241 Arcadio the Warrior (level 15, -5/104 HPs)
             Began as a Gargoyle Gladiator on Feb 3, 2024.
             Was a High Priest of Trog.
             Slain by a titanic slime creature (63 damage)
             ... on level 12 of the Dungeon.
             The game lasted 00:40:52 (18174 turns).

Arcadio the Warrior (Gargoyle Gladiator)           Turns: 18174, Time: 00:40:52

Health: -5/104     AC: 33    Str: 31    XL:     15   Next: 49%
Magic:  15/15      EV: 10    Int:  9    God:    Trog [*****.]
Gold:   2425       SH: 12    Dex: 12    Spells: 14/14 levels left

rFire   + . .        y - +8 morningstar (freeze)
rCold   + . .        R - +0 kite shield of Divine Compulsion {rF+ rC+ Int+2}
rNeg    + + .        X - +2 chain mail {Will+}
rPois   ∞            c - +0 helmet
rElec   +            g - +2 ratskin cloak {*Rats rPois rN+ Str-1 Int-1 Dex+1}
rCorr   .            l - +0 pair of gloves
SInv    .            U - +2 pair of boots
Will    ++...        A - amulet of regeneration Stlth
                     i - +6 ring of strength
HPRegen 1.17/turn    F - +4 ring of slaying
MPRegen 0.14/turn

%: no passive effects
@: flying, studying Shields
A: sickness immunity, AC +11, big wings, negative energy resistance 1,
electricity resistance, torment resistance 1, petrification resistance, deformed
body
a: Renounce Religion, Berserk, Trog's Hand, Brothers in Arms


You were on level 12 of the Dungeon.
You worshipped Trog.
Trog was extremely pleased with you.
You visited 4 branches of the dungeon, and saw 20 of its levels.
You also visited: Bailey, Gauntlet and Ice Cave.

You collected 2665 gold pieces.
You spent 240 gold pieces at shops.

Inventory:

Hand Weapons
 p - a +0 eveningstar of protection
 y - a +8 morningstar of freezing (weapon)
Armour
 c - a +0 helmet (worn)
 g - the +2 ratskin cloak (worn) {*Rats rPois rN+ Str-1 Int-1 Dex+1}
   (You found it on level 3 of the Dungeon)

   *Rats:     When the wearer is hurt, rats may emerge from it to assist them.
   Str-1:     It affects your strength (-1).
   Int-1:     It affects your intelligence (-1).
   Dex+1:     It affects your dexterity (+1).
   rPois:     It protects you from poison rN+: It protects you from negative
   energy.
 l - a +0 pair of gloves (worn)
 t - a +2 cloak of preservation
 R - the +0 kite shield of Divine Compulsion (worn) {rF+ rC+ Int+2}
   (You acquired it in a bailey)

   Int+2:     It affects your intelligence (+2).
   rF+:       It protects you from fire.
   rC+:       It protects you from cold.
 U - a +2 pair of boots (worn)
 W - a +0 kite shield of cold resistance
 X - a +2 chain mail of willpower (worn)
Jewellery
 b - a ring of protection from fire
 i - a +6 ring of strength (left hand)
 s - a ring of protection from cold
 x - a ring of willpower
 A - an amulet of regeneration (around neck)
 F - a +4 ring of slaying (right hand)
 G - the amulet of Qazlal's Pride {RegenMP *Corrode Fly Will+++ Int-5}
   (You acquired it in a Gauntlet)

   [amulet of magic regeneration]

   RegenMP:   It increases your rate of magic regeneration.
   Int-5:     It affects your intelligence (-5).
   Will+++:   It greatly increases your willpower.
   Fly:       It grants you flight.
   *Corrode:  It may corrode you when you take damage.
Wands
 f - a wand of digging (10)
 n - a wand of polymorph (14)
 u - a wand of flame (50)
 K - a wand of charming (6)
 M - a wand of light (23)
Scrolls
 h - 6 scrolls of blinking
 j - 12 scrolls of teleportation
 q - 5 scrolls of fear
 B - a scroll of brand weapon
 C - 2 scrolls of summoning
 D - 4 scrolls of fog
 E - 5 scrolls of poison
 O - 3 scrolls of torment
 S - 2 scrolls of enchant armour
Potions
 a - a potion of haste
 d - a potion of ambrosia {unknown}
 k - 7 potions of heal wounds
 o - 2 potions of attraction
 w - 8 potions of curing
 z - 5 potions of magic
 H - 2 potions of invisibility
 I - 3 potions of lignification
 J - 2 potions of might
 L - 2 potions of enlightenment
 Q - 2 potions of resistance
 T - a potion of cancellation {unknown}
 Y - a potion of experience {unknown}
Miscellaneous
 P - a lightning rod (4/4)
 V - a phial of floods


   Skills:
 + Level 15.9 Fighting
 + Level 14.7 Maces & Flails
 - Level 1.7 Throwing
 + Level 15.6 Armour
 - Level 2.4 Dodging
 + Level 14.2 Shields


You had 14 spell levels left.
You didn't know any spells.
Your spell library contained the following spells:

 Spells                   Type           Power      Damage    Failure   Level
 Freeze                   Ice            0%         1d3       83%         1
 Mercury Vapours          Alch/Air       0%         N/A       92%         2
 Static Discharge         Conj/Air       0%         3-3/arc   92%         2
 Frozen Ramparts          Ice            0%         1d1       99%         3
 Fugue of the Fallen      Necr           0%         N/A       99%         3
 Hailstorm                Conj/Ice       0%         3d5       99%         3
 Mephitic Cloud           Conj/Alch/Air  0%         N/A       99%         3
 Ozocubu's Armour         Ice            0%         N/A       99%         3
 Airstrike                Air            0%         2d(0-16)  100%        4
 Manifold Assault         Tloc           0%         N/A       100%        4
 Petrify                  Alch/Erth      0%         N/A       100%        4
 Summon Lightning Spire   Summ/Air       0%         N/A       100%        4
 Freezing Cloud           Conj/Ice/Air   0%         6-21      100%        5
 Irradiate                Conj/Alch      0%         3d11      100%        5
 Sublimation of Blood     Necr           Unusable   N/A       N/A         2

Dungeon Overview and Level Annotations

Branches:
Dungeon (12/15)            Temple (1/1) D:6            Lair (5/5) D:11
 Shoals (0/4) Lair:2       Spider (0/4) Lair:2        Slime (0/5) Lair:4
    Orc (2/2) D:11            Elf (0/3) Orc:2        Bailey (visited)
  IceCv (visited)         Gauntlet (visited)

Altars:
Ashenzari
Cheibriados
Dithmenos
Elyvilon
Fedhas
Gozag
Hepliaklqana
Kikubaaqudgha
Makhleb
Nemelex Xobeh
Okawaru
Qazlal
Ru
Sif Muna
Trog
Uskayaw
Vehumet
Wu Jian
Xom
Yredelemnul
Zin
The Shining One
Jiyva

Shops:
Orc:2 *:([

Portals:
Trove: D:10 (give +5 fire dragon scales)


Innate Abilities, Weirdness & Mutations

You are immune to sickness and miasma.
Your stone body is resilient. (AC +11)
You are immune to poison.
Your large and strong wings let you fly.
You resist negative energy. (rN+)
You are resistant to electric shocks. (rElec)
You are resistant to unholy torment.
You are immune to petrification.
Armour fits poorly on your strangely shaped body.


Message History

4 slime creatures come into view.
The slime creature quivers. x3
Two slime creatures merge to form a large slime creature.
There is an open door here.
You barely miss the large slime creature.
Two slime creatures merge to form a large slime creature.
You thump the large slime creature! You freeze the large slime creature.
The large slime creature is lightly wounded.
Two slime creatures merge to form a very large slime creature. x2
You completely miss the very large slime creature.
The very large slime creature is lightly wounded.
You bludgeon the very large slime creature!!
You freeze the very large slime creature.
The very large slime creature is moderately wounded.
You impale the very large slime creature!!
You freeze the very large slime creature!
The very large slime creature is heavily wounded.
You block the very large slime creature's attack.
You puncture the very large slime creature!
You freeze the very large slime creature.
The very large slime creature is heavily wounded.
The very large slime creature hits you!!!
A hell rat scurries out from under your cloak.
A very large slime creature splits.
You puncture the very large slime creature!
You freeze the very large slime creature.
The very large slime creature is severely wounded.
The very large slime creature hits you but does no damage.
A large slime creature splits.
You perforate the very large slime creature like a sieve!!!
You freeze the very large slime creature.
The very large slime creature is almost dead.
Two slime creatures merge to form an enormous slime creature.
Two slime creatures merge to form a titanic slime creature.
Your hell rat bites the titanic slime creature.
The slime creature hits your hell rat but does no damage.
The titanic slime creature attacks as it pursues you!
The titanic slime creature hits you!!!
Ouch! That really hurt!
You die...

####+#####
.........#
.........#
.........# #
$.>......# #
......J..# #
.....<.r.# # #J# #
#@# # ###.# #
#...# ## #####'###
.# #...<...# .####
#.......# ....#
####.......#
....###..).....:.#
....#[..##.......#


You could see a titanic slime creature (ally target), a slime creature and a
friendly hell rat.

Vanquished Creatures
  Rupert (D:12)
  A frost giant (IceCv)
  2 orc warlords
  A minotaur (Gauntlet)
  Snorg (Lair:5)
  A vault guard (D:10)
  5 hydras
  Erolcha (D:11)
  A catoblepas (D:9)
  5 two-headed ogres
  11 death yaks
  A boulder beetle (D:12)
  4 orc high priests (Orc:2)
  A death drake (Gauntlet)
  A skyshark (Lair:3)
  3 orc knights
  An oklob plant (Gauntlet)
  An orc sorcerer (Orc:2)
  A wolf spider zombie (Gauntlet)
  4 elephants (Lair:3)
  2 ugly things
  A kobold blastminer (Orc:2)
  A merfolk siren (Lair:2)
  A torpor snail (Lair:5)
  A gargoyle (D:11)
  4 black mambas
  An unseen horror (D:12)
  12 cane toads
  10 rime drakes
  7 komodo dragons
  A minotaur zombie (Gauntlet)
  3 merfolk (Lair:2)
  4 trolls
  10 polar bears
  A queen bee (Gauntlet)
  5 hornets
  5 blink frogs
  7 dream sheep (Lair:5)
  2 slime creatures (Lair:4)
  13 spriggans (Lair:5)
  4 wyverns
  4 basilisks
  A wraith (D:10)
  4 wargs
  6 vampire mosquitoes
  59 yaks
  4 redbacks (Lair:2)
  2 steam dragons
  Menkaure (D:4)
  10 water moccasins
  2 acid dragons
  3 sky beasts
  23 orc warriors
  3 ice beasts
  10 black bears
  4 centaurs
  9 ogres
  4 boggarts (Lair:5)
  26 wolves
  4 kobold brigands
  Blork the orc (D:4)
  25 bullfrogs
  7 scorpions
  2 wights (D:10)
  9 killer bees
  8 howler monkeys
  2 electric eels (D:10)
  2 bombardier beetles
  8 hounds
  5 jellies
  14 orc priests
  2 gnoll boudas
  Jessica (D:3)
  An iguana (D:5)
  Crazy Yiuf (D:2)
  20 orc wizards
  Robin (D:3)
  7 gnolls
  8 adders
  A shadow imp (D:6)
  A white imp (D:6)
  5 ufetubi
  3 dart slugs
  2 ribbon worms
  52 orcs
  7 bats
  5 endoplasms
  2 giant cockroaches (D:1)
  18 goblins
  11 hobgoblins
  3 quokkas
  4 ball pythons
  A frilled lizard (D:2)
  39 kobolds
  3 rats
602 creatures vanquished.

Vanquished Creatures (collateral kills)
  Urug (Orc:1)
  A spectral centaur (Gauntlet)
  A blink frog (Lair:5)
  Sigmund (D:2)
  Eustachio (D:4)
  2 yaks
  A centaur (D:8)
  A bullfrog (D:8)
  A wight (D:10)
  An orc priest (D:8)
  Ijyb (D:3)
  An iguana (D:3)
  A dart slug (D:4)
  An orc (D:5)
  A ball python (D:3)
  An endoplasm (D:3)
  A giant cockroach (D:3)
  2 goblins (D:6)
20 creatures vanquished.

Vanquished Creatures (others)
  An orc (D:8)
1 creature vanquished.

Grand Total: 623 creatures vanquished

Notes
Turn   | Place    | Note
-------+----------+-------------------------------------------
     0 | D:1      | Arcadio the Gargoyle Gladiator began the quest for the Orb.
     0 | D:1      | Reached XP level 1. HP: 12/12 MP: 1/1
   103 | D:1      | Reached XP level 2. HP: 18/18 MP: 2/2
   120 | D:1      | Reached skill level 1 in Armour
   355 | D:1      | Reached XP level 3. HP: 22/22 MP: 3/3
  1312 | D:2      | Found a runed translucent door.
  1321 | D:2      | Noticed Crazy Yiuf
  1376 | D:2      | Noticed Sigmund
  1434 | D:3      | Found the +2 ratskin cloak {*Rats rPois rN+ Str-1 Int-1
                  | Dex+1}
  1495 | D:2      | Killed Sigmund
  1496 | D:2      | Reached XP level 4. HP: 20/29 MP: 4/4
  1496 | D:2      | Reached XP level 5. HP: 23/33 MP: 5/5
  1580 | D:2      | Found a hazy altar of Hepliaklqana.
  1864 | D:2      | Identified the ring of the Ladybird {Wiz Int+2}
  1988 | D:2      | Killed Crazy Yiuf
  1989 | D:2      | Reached XP level 6. HP: 35/38 MP: 6/6
  2083 | D:3      | Noticed Jessica
  2091 | D:3      | Killed Jessica
  2205 | D:3      | Found a large runed translucent door.
  2205 | D:3      | Found a large runed translucent door.
  2551 | D:3      | Found a shimmering altar of Xom.
  2707 | D:3      | Noticed Robin
  2724 | D:3      | Killed Robin
  2754 | D:3      | Noticed Ijyb
  2770 | D:3      | Killed Ijyb
  2818 | D:3      | Found a burning altar of Makhleb.
  2821 | D:3      | Found an opulent altar of Gozag.
  2825 | D:3      | Found a hide-covered altar of Uskayaw.
  3123 | D:4      | Found a white marble altar of Elyvilon.
  3219 | D:4      | Reached XP level 7. HP: 44/44 MP: 7/7
  3221 | D:4      | Reached skill level 5 in Maces & Flails
  3276 | D:4      | Noticed Eustachio
  3321 | D:4      | Killed Eustachio
  3322 | D:4      | Reached skill level 5 in Fighting
  3861 | D:4      | Noticed Menkaure
  3869 | D:4      | Killed Menkaure
  3870 | D:4      | Reached skill level 5 in Armour
  3957 | D:4      | Noticed Blork the orc
  3961 | D:4      | Killed Blork the orc
  3962 | D:4      | Reached XP level 8. HP: 51/51 MP: 8/8
  4076 | D:5      | Entered Level 5 of the Dungeon
  4417 | D:5      | Noticed a wraith
  4901 | D:6      | Found a snail-covered altar of Cheibriados.
  5095 | D:6      | Reached XP level 9. HP: 57/57 MP: 9/9
  5428 | D:6      | Found a staircase to the Ecumenical Temple.
  5515 | Temple   | Entered the Ecumenical Temple
  5543 | Temple   | Became a worshipper of Trog the Wrathful
  5756 | D:6      | Found an iron altar of Okawaru.
  6083 | D:7      | Noticed a deep elf pyromancer
  6084 | D:7      | Noticed a gargoyle
  6190 | D:8      | Reached * piety under Trog
  6196 | D:8      | Reached XP level 10. HP: 66/66 MP: 10/10
  6241 | D:8      | Found an ornate altar of the Wu Jian Council.
  6582 | D:8      | Found a blossoming altar of Fedhas.
  6636 | D:8      | Noticed a two-headed ogre
  6642 | D:8      | Killed a two-headed ogre
  6843 | D:9      | Reached skill level 10 in Fighting
  6874 | D:9      | Reached ** piety under Trog
  6898 | D:9      | Found a flagged portal.
  6930 | Bailey   | Entered a bailey
  6935 | Bailey   | Noticed an orc warlord
  6935 | Bailey   | Found the +7 captain's cutlass {speed, disarm}
  7008 | Bailey   | Found a runed translucent gate.
  7008 | Bailey   | Found a runed translucent gate.
  7008 | Bailey   | Found a runed translucent gate.
  7135 | Bailey   | Killed an orc warlord
  7136 | Bailey   | Reached skill level 10 in Maces & Flails
  7136 | Bailey   | Reached skill level 10 in Armour
  7136 | Bailey   | Reached XP level 11. HP: 47/73 MP: 11/11
  7184 | Bailey   | Acquired the +0 kite shield of Divine Compulsion {rF+ rC+
                  | Int+2}
  7237 | D:9      | Noticed a two-headed ogre
  7241 | D:9      | Killed a two-headed ogre
  7242 | D:9      | Reached skill level 1 in Shields
  7289 | D:9      | Noticed a catoblepas
  7302 | D:9      | Killed a catoblepas
  7557 | D:9      | Reached *** piety under Trog
  7984 | D:10     | Entered Level 10 of the Dungeon
  8044 | D:10     | Noticed Erolcha
  8115 | D:11     | Killed Erolcha
  8125 | D:11     | Noticed a five-headed hydra
  8258 | D:10     | Found a shimmering altar of Xom.
  8370 | D:10     | Found a radiant altar of Vehumet.
  8512 | D:10     | Noticed a vault guard
  8520 | D:10     | Killed a vault guard
  8524 | D:10     | Found a portal to a secret trove of treasure.
  8916 | D:11     | Noticed a two-headed ogre
  8921 | D:11     | Killed a two-headed ogre
  8922 | D:11     | Reached skill level 5 in Shields
  8929 | D:11     | Reached XP level 12. HP: 66/81 MP: 12/12
  9013 | D:11     | Reached **** piety under Trog
  9014 | D:11     | Found a staircase to the Lair.
  9031 | D:11     | Killed a five-headed hydra
  9597 | D:11     | Noticed a two-headed ogre
  9619 | D:11     | Killed a two-headed ogre
  9655 | D:11     | Found a staircase to the Orcish Mines.
  9912 | Orc:1    | Entered Level 1 of the Orcish Mines
 10454 | Orc:1    | Reached ***** piety under Trog
 10586 | Orc:2    | Entered Level 2 of the Orcish Mines
 10586 | Orc:2    | Noticed an orc high priest
 10586 | Orc:2    | Noticed an orc warlord
 10586 | Orc:2    | Found Faehupt's Book Shop.
 10604 | Orc:1    | Killed an orc warlord
 10726 | Orc:2    | Killed an orc high priest
 10738 | Orc:2    | Noticed an orc high priest
 10812 | Orc:2    | Noticed a sun demon
 10940 | Orc:2    | Killed an orc high priest
 11159 | Orc:2    | Found Kimohot's General Store.
 11169 | Orc:2    | Noticed an orc high priest
 11177 | Orc:2    | Killed an orc high priest
 11178 | Orc:2    | Reached XP level 13. HP: 88/88 MP: 13/13
 11365 | Orc:2    | Gained mutation: Armour fits poorly on your strangely
                  | shaped body. [a neqoxec]
 11379 | Orc:2    | Found a staircase to the Elven Halls.
 11380 | Orc:2    | Found Loimawk's Antique Armour Emporium.
 11425 | Orc:2    | Bought a pair of glowing boots for 240 gold pieces
 11455 | Orc:2    | Found Gitexiuc's Antique Weapon Shoppe.
 11926 | Orc:1    | Noticed Urug
 11944 | Orc:1    | Killed Urug
 12074 | Lair:1   | Entered Level 1 of the Lair of Beasts
 12300 | Lair:1   | You fall into a shaft and drop 1 floor!
 12356 | Lair:2   | Found a snail-covered altar of Cheibriados.
 12399 | Lair:2   | Found a hole to the Spider Nest.
 13433 | Lair:2   | Found a staircase to the Shoals.
 13994 | Lair:3   | Found a gate leading to a gauntlet.
 14005 | Gauntlet | Entered a Gauntlet
 14005 | Gauntlet | Found a transporter.
 14006 | Gauntlet | Found a large runed translucent door.
 14007 | Gauntlet | Found a large runed translucent door.
 14008 | Gauntlet | Acquired a +0 eveningstar of protection
 14010 | Gauntlet | Found a large runed translucent door.
 14010 | Gauntlet | Found a large runed translucent door.
 14010 | Gauntlet | Found a runed translucent door.
 14014 | Gauntlet | Found a large runed translucent door.
 14015 | Gauntlet | Acquired the amulet of Qazlal's Pride {RegenMP *Corrode Fly
                  | Will+++ Int-5}
 14016 | Gauntlet | Found a large runed translucent door.
 14019 | Gauntlet | Acquired a manual of Shields
 14027 | Gauntlet | Found a runed translucent door.
 14030 | Gauntlet | Found a large runed translucent door.
 14030 | Gauntlet | Found a large runed translucent door.
 14031 | Gauntlet | Found a runed translucent gate.
 14031 | Gauntlet | Found a runed translucent gate.
 14031 | Gauntlet | Found a runed translucent gate.
 14033 | Gauntlet | Found a transporter.
 14042 | Gauntlet | Found a large runed translucent door.
 14042 | Gauntlet | Found a large runed translucent door.
 14043 | Gauntlet | Found a large runed translucent door.
 14044 | Gauntlet | Found a large runed translucent door.
 14048 | Gauntlet | Found a transporter.
 14087 | Gauntlet | Found a transporter.
 14118 | Gauntlet | Found a transporter.
 14119 | Gauntlet | Found a transporter.
 14121 | Gauntlet | Found a transporter.
 14124 | Gauntlet | Found a transporter.
 14128 | Gauntlet | Gained mutation: Your large and strong wings let you fly.
                  | [Gargoyle growth]
 14128 | Gauntlet | Reached XP level 14. HP: 70/96 MP: 14/14
 14154 | Gauntlet | Found a large runed translucent door.
 14155 | Gauntlet | Found a large runed translucent door.
 14156 | Gauntlet | Found a large runed translucent door.
 14156 | Gauntlet | Found a large runed translucent door.
 14156 | Gauntlet | Found a transporter.
 14221 | Gauntlet | Identified the ring of Royalty {Wiz rElec rPois Str+3}
 14242 | Gauntlet | Found a transporter.
 14288 | Gauntlet | Found a transporter.
 14299 | Gauntlet | Reached skill level 10 in Shields
 14306 | Gauntlet | Identified the +2 cloak of Qecki {+Inv Fly Dex+6 Stlth+}
 14320 | Gauntlet | Found a transporter.
 14385 | Gauntlet | Identified the +3 leather armour of the Vestibule of Hell
                  | {+Blink rF+ rN+ Slay+2}
 14964 | Lair:4   | Received a gift from Trog
 15058 | Lair:4   | Found a viscous altar of Jiyva.
 15059 | Lair:4   | Found a staircase to the Slime Pits.
 15791 | Lair:5   | Entered Level 5 of the Lair of Beasts
 15876 | Lair:5   | Found a frozen archway.
 15896 | IceCv    | Entered an ice cave
 15936 | IceCv    | Reached skill level 15 in Fighting
 16082 | IceCv    | Noticed a frost giant
 16103 | IceCv    | Killed a frost giant
 16160 | IceCv    | Received a gift from Trog
 16190 | IceCv    | Reached skill level 15 in Armour
 16590 | Lair:5   | Reached XP level 15. HP: 76/103 MP: 15/15
 17028 | Lair:5   | Noticed Snorg
 17038 | Lair:5   | Killed Snorg
 17840 | D:12     | Received a gift from Trog
 18008 | D:12     | Noticed Rupert
 18017 | D:12     | Killed Rupert
 18174 | D:12     | Slain by a titanic slime creature

Illustrated notes

Levels and vault maps discovered:
D:1:      dpeg_arrival_fog, layout_basic
D:2:      layout_basic, basic_altar, hangedman_decor_opposing,
          uniq_crazy_yiuf_cottage, uniq_sigmund
D:3:      due_chaos_kobolds, layout_basic, grunt_temple_overflow_diamond,
          kennysheep_nub, kennysheep_small_spiral, supply_closet_lemuel,
          uniq_robin, uniq_jessica, uniq_ijyb
D:4:      layout_basic, nicolae_elyvilon_peaceful_grove, grunt_decor_cap,
          uniq_blork_the_orc, uniq_menkaure, uniq_eustachio
D:5:      layout_loops_ring, lightli_corner_chamber
D:6:      minmay_polygon_palace, layout_basic, kennysheep_okawaru_gauntlet,
          mainiacjoe_overflow_concentric_impassable,
          minmay_temple_entry_large_hall
D:7:      nzn_winding_woodlands_small [nzn_winding_woodlands_5x15_default,
          nzn_winding_woodlands_center_triple_pond,
          nzn_winding_woodlands_5x15_zeroes], layout_loops_cross
D:8:      layout_basic, lemuel_coloured_pillars_altar, amcnicky_altar_gilded
D:9:      layout_stronghold, lightli_bailey_entry_fortress
D:10:     layout_stronghold, tgw_xom, nicolae_vehumet_radiance, enter_trove_5,
          minmay_misc_feat_x, minmay_misc_feat_plants, kennysheep_dice,
          uniq_erolcha
D:11:     layout_loops_corners, due_lair_maze_entry_diamond, orc_0_dummy,
          chequers_garden, nicolae_figureground_pulse
D:12:     layout_roguey, uniq_rupert
Temple:   nicolae_temple_hex_pool
Lair:1:   layout_roguey
Lair:2:   layout_roguey, elwin_shoals_entry_stream, spider_nest_entry_webs,
          basic_altar
Lair:3:   layout_loops_ring, gauntlet_entry_generic, grunt_megastairs_5,
          lemuel_fruit_tree
Lair:4:   layout_roguey, minmay_slime_entry_pillars, serial_bayou_ford_a
Lair:5:   minmay_lair_end_enchanted_forest, layout_cave_pods,
          portal_ice_cave_entry_pillars_1, uniq_snorg
Orc:1:    layout_diamond_mine, uniq_urug
Orc:2:    grunt_orc_gardens, layout_caves, grunt_orc_garden, grunt_orc_garden,
          grunt_orc_garden, grunt_orc_garden, nicolae_orc_bridge_out

Skill      XL: |  1  2  3  4  5  6  7  8  9 10 11 12 13 14 15 |
---------------+----------------------------------------------+-----
Armour         | 1 3 4 5 6 8 10 11 12 13 15 | 15.6
Fighting       | 4 6 7 9 10 11 13 14 15 | 15.9
Maces & Flails | 4 5 7 8 10 11 12 13 14 | 14.7
Shields        | 5 7 9 12 14 | 14.2
Throwing       | |  1.7
Dodging        | |  2.4

Action                     |  1- 3 |  4- 6 |  7- 9 | 10-12 | 13-15 || total
---------------------------+-------+-------+-------+-------+-------++-------
  Melee: Flail             |    89 |       |       |       |       ||    89
         Mace              |     7 |   132 |    18 |       |       ||   157
         Punch             |     1 |       |     3 |       |       ||     4
         Unarmed           |       |     1 |       |       |       ||     1
         Morningstar       |       |       |   257 |   599 |   885 ||  1741
 Invoke: Berserk           |       |       |       |    10 |     8 ||    18
         Trog's Hand       |       |       |       |     1 |     1 ||     2
  Evoke: Wand              |       |       |       |     1 |       ||     1
    Use: Scroll            |     1 |     7 |       |    11 |    20 ||    39
   Stab: Distracted        |       |       |       |     1 |       ||     1
 Armour: Scale mail        |    81 |    79 |    56 |       |       ||   216
         Leather armour    |     1 |       |       |       |       ||     1
         Skin              |       |     1 |     1 |       |       ||     2
         Chain mail        |       |       |   236 |   185 |   155 ||   576
         Plate armour      |       |       |       |   407 |   552 ||   959
  Dodge: Dodged            |    70 |    71 |   192 |   209 |   264 ||   806
  Block: Buckler           |       |       |    31 |    31 |       ||    62
         Kite shield       |       |       |       |   215 |   541 ||   756
